[Event "-chT Youth Countries 2019"]
[Site "Wuerzburg"]
[Date "2019.10.05"]
[Round "6.8"]
[White "von Beckh, Frieda"]
[Black "Heinze, Sofie"]
[Result "0-1"]
[ECO "C44"]
[WhiteElo "1541"]
[BlackElo "1207"]
[Annotator "NA"]
[PlyCount "86"]
[EventDate "2019.10.02"]
[EventType "team-tourn"]
[EventRounds "7"]
[EventCountry "GER"]
[SourceTitle "playchess.com"]
[Source "ChessBase"]
[SourceQuality "1"]
[WhiteTeam "Hessen"]
[BlackTeam "Brandenburg/Berlin"]
[TimeControl "40/5400+30:1800+30"]

1. e4 e5 2. Nf3 Nc6 3. d4 d5 4. exd5 Qxd5 5. Nc3 Qd8 6. d5 Nb4 7. a3 e4 8. Ng5 h6 9. Ngxe4 Na6 10. Bc4 b6 11. Bb5+ Bd7 12. Bxa6 Bd6 13. Qe2 Ne7 14. O-O O-O 15. Re1 Re8 16. Be3 Nf5 17. Qd2 Qh4 18. Nxd6 cxd6 19. Bf4 Qg4 20. Ne4 Nh4 21. Ng3 Bf5 22. Be2 Qg6 23. Bh5 Qf6 24. Qb4 Bxc2 25. Bxd6 Qg5 26. Qc4 Bf5 27. Bf4 Qf6 28. d6 g6 29. Nxf5 Qxf5 30. Be2 Re4 31. Qc6 Rae8 32. d7 Rd8 33. Bxh6 Qe5 34. Rad1 Rxe2 35. Rxe2 Qxe2 36. Rc1 Qg4 37. Re1 Rxd7 38. h3 Qd4 39. b4 Rd6 40. Qa8+ Rd8 41. Qxa7 Qd5 42. f3 Qa2 43. Kf1 Qxg2# {[%emt 0:00:18] normal} 0-1

[Event "-chT Youth Countries 2019"]
[Site "Wuerzburg"]
[Date "2019.10.05"]
[Round "6.8"]
[White "Haug, Mara"]
[Black "Ruhmke, Rebecca"]
[Result "1-0"]
[ECO "B01"]
[WhiteElo "1508"]
[BlackElo "1404"]
[Annotator "NA"]
[PlyCount "82"]
[EventDate "2019.10.02"]
[EventType "team-tourn"]
[EventRounds "7"]
[EventCountry "GER"]
[SourceTitle "playchess.com"]
[Source "ChessBase"]
[SourceQuality "1"]
[WhiteTeam "Baden 2"]
[BlackTeam "Hamburg/Schleswig-Holstein"]
[TimeControl "40/5400+30:1800+30"]

1. e4 d5 2. exd5 Nf6 3. Nf3 Nxd5 4. d4 Bf5 5. Be2 Nc6 6. c4 Ndb4 7. Na3 e6 8. O-O Be7 9. b3 Bf6 10. Bb2 O-O 11. Qd2 Qd6 12. Rfd1 Rad8 13. Bc3 Rd7 14. c5 Qe7 15. Bxb4 a6 16. Bc3 b6 17. Qb2 b5 18. Nc2 Be4 19. a4 Rb8 20. axb5 axb5 21. Nb4 Nxb4 22. Bxb4 c6 23. Qd2 Bd5 24. Ra3 Rbb7 25. Ne5 Bxe5 26. dxe5 g6 27. Qe3 Ra7 28. h3 Rxa3 29. Bxa3 Ra7 30. Ra1 Ra6 31. Bb2 Rxa1+ 32. Bxa1 Qa7 33. Bd4 Qa3 34. Bd1 Qb4 35. Qc3 Qa3 36. Kh2 Qa8 37. Qa1 Qd8 38. Be3 Kg7 39. Qc1 Qh4 40. Qd2 Qe4 41. f3 Qh4 {[%emt 0:30:45] normal} 1-0

[Event "-chT Youth Countries 2019"]
[Site "Wuerzburg"]
[Date "2019.10.05"]
[Round "6.8"]
[White "Bakó, Isabella"]
[Black "Ulrich, Helena Irene"]
[Result "0-1"]
[ECO "B34"]
[WhiteElo "1266"]
[BlackElo "1355"]
[Annotator "NA"]
[PlyCount "92"]
[EventDate "2019.10.02"]
[EventType "team-tourn"]
[EventRounds "7"]
[EventCountry "GER"]
[SourceTitle "playchess.com"]
[Source "ChessBase"]
[SourceQuality "1"]
[WhiteTeam "Team Süd"]
[BlackTeam "Thüringen"]
[TimeControl "40/5400+30:1800+30"]

1. e4 c5 2. Nf3 Nc6 3. d4 cxd4 4. Nxd4 Nf6 5. Nc3 e5 6. Nf5 d6 7. Ne3 Be6 8. Bc4 Bxc4 9. Nxc4 Be7 10. Be3 O-O 11. O-O a6 12. Nb6 Rb8 13. Qe2 Nd4 14. Bxd4 exd4 15. Nca4 Nd7 16. Nxd7 Qxd7 17. Nb6 Qc6 18. Nd5 Rfe8 19. Rad1 Rbc8 20. Rd2 Bg5 21. f4 Bd8 22. f5 Bg5 23. Rxd4 Qxc2 24. Rf2 Qxe2 25. Rxe2 Re5 26. Nb6 Rce8 27. Nc4 R5e7 28. Nxd6 Rd8 29. Rd5 Bf4 30. e5 f6 31. g3 Bxe5 32. Red2 Red7 33. b3 Rxd6 34. Rxd6 Rxd6 35. Rxd6 Bxd6 36. Kf2 Kf7 37. Ke3 Ke7 38. Kd4 Kd7 39. Kd5 b6 40. a4 h5 41. Kc4 Kc6 42. b4 b5+ 43. Kb3 bxa4+ 44. Kxa4 Kb6 45. Kb3 Kb5 46. Kc3 Bxb4+ {[%emt 0:00:22] normal} 0-1

[Event "-chT Youth Countries 2019"]
[Site "Wuerzburg"]
[Date "2019.10.06"]
[Round "7.1"]
[White "Roseneck, Jonas"]
[Black "Lagunow, Raphael"]
[Result "1-0"]
[ECO "B07"]
[WhiteElo "2402"]
[BlackElo "2438"]
[Annotator "ChessBase"]
[PlyCount "57"]
[EventDate "2019.10.02"]
[EventType "team-tourn"]
[EventRounds "7"]
[EventCountry "GER"]
[SourceTitle "playchess.com"]
[Source "ChessBase"]
[SourceQuality "1"]
[WhiteTeam "Sachsen-Anhalt"]
[BlackTeam "Berlin"]
[TimeControl "40/5400+30:1800+30"]

1. e4 d6 2. d4 Nf6 3. Nc3 g6 4. Bg5 Bg7 5. Qd2 h6 6. Bf4 c6 7. Be2 b5 8. a3 Nfd7 9. Nf3 e5 10. dxe5 dxe5 11. Be3 Qe7 12. Nxb5 cxb5 13. Qd5 Nb6 14. Bxb6 Bb7 15. Qxb5+ Bc6 16. Bc5 Qe6 17. Qa5 Bxe4 18. Rd1 Nc6 19. Qa4 Bd5 20. c4 Be4 21. Rd6 Qc8 22. Nd2 Bxg2 23. Rg1 Bf8 24. Rxg2 Bxd6 25. Bxd6 Qd7 26. Ne4 O-O-O 27. c5 Kb7 28. Ba6+ Ka8 29. Nf6 {[%emt 0:00:02] normal} 1-0

[Event "-chT Youth Countries 2019"]
[Site "Wuerzburg"]
[Date "2019.10.06"]
[Round "7.1"]
[White "Nothnagel, Marian Can"]
[Black "Wendler, David"]
[Result "0-1"]
[ECO "B18"]
[WhiteElo "2376"]
[BlackElo "2107"]
[Annotator "ChessBase"]
[PlyCount "146"]
[EventDate "2019.10.02"]
[EventType "team-tourn"]
[EventRounds "7"]
[EventCountry "GER"]
[SourceTitle "playchess.com"]
[Source "ChessBase"]
[SourceQuality "1"]
[WhiteTeam "Hessen"]
[BlackTeam "Team Süd"]
[TimeControl "40/5400+30:1800+30"]

1. e4 c6 2. d4 d5 3. Nd2 dxe4 4. Nxe4 Bf5 5. Ng3 Bg6 6. N1e2 e6 7. Nf4 Bd6 8. c3 Nf6 9. h4 Bxf4 10. Bxf4 h6 11. Qb3 Qe7 12. Be2 O-O 13. O-O a5 14. c4 a4 15. Qc3 Nbd7 16. h5 Bh7 17. Rad1 Rfc8 18. Bf3 b5 19. cxb5 Nd5 20. Bxd5 cxd5 21. Qe1 Rc2 22. Rd2 Rac8 23. b3 axb3 24. axb3 R2c3 25. Qd1 Qb4 26. Qg4 Kh8 27. Ra1 Qxb5 28. Ra7 Rxb3 29. Qh4 Rb1+ 30. Kh2 Re8 31. Rda2 Bg8 32. R2a5 Qb6 33. Rxd7 Qxa5 34. Qg4 Re1 35. Ne2 Rxe2 36. Qxe2 Qa4 37. Rxf7 Bxf7 38. Be5 Bg8 39. Qe3 Qd7 40. Qxh6+ Bh7 41. Qf4 Kg8 42. h6 Qf7 43. Qh4 gxh6 44. Qxh6 Qg6 45. Qh4 Kf7 46. f3 Rg8 47. Qf4+ Ke8 48. g4 Rf8 49. Qe3 Qd3 50. Qh6 Qe2+ 51. Kg1 Qd1+ 52. Kh2 Qc2+ 53. Kg3 Qg6 54. Qc1 Kf7 55. Qc7+ Kg8 56. Qe7 Re8 57. Qc7 Qh6 58. Bf4 Qg7 59. Qc3 Bb1 60. Be5 Qg6 61. Qc1 Rf8 62. Bd6 Re8 63. Be5 Bd3 64. Qh1 Rf8 65. Qd1 Bc2 66. Qd2 Rc8 67. Qh2 Kf7 68. Qd2 Rf8 69. Qc3 Bd3 70. Qd2 Bc4 71. Qb2 Qh6 72. Kg2 Kg8 73. Qc2 Ra8 {normal} 0-1

[Event "-chT Youth Countries 2019"]
[Site "Wuerzburg"]
[Date "2019.10.06"]
[Round "7.1"]
[White "Färber, David"]
[Black "Hoffmann, Sebastian"]
[Result "1/2-1/2"]
[ECO "B01"]
[WhiteElo "2332"]
[BlackElo "2187"]
[Annotator "ChessBase"]
[PlyCount "171"]
[EventDate "2019.10.02"]
[EventType "team-tourn"]
[EventRounds "7"]
[EventCountry "GER"]
[SourceTitle "playchess.com"]
[Source "ChessBase"]
[SourceQuality "1"]
[WhiteTeam "Baden 2"]
[BlackTeam "Bayern 2"]
[TimeControl "40/5400+30:1800+30"]

1. e4 d5 2. exd5 Qxd5 3. Nf3 Bg4 4. Nc3 Qd8 5. Bc4 e6 6. d3 Nf6 7. h3 Bxf3 8. Qxf3 c6 9. O-O Bd6 10. Bg5 Nbd7 11. Qe2 O-O 12. Rad1 h6 13. Bc1 Nb6 14. Bb3 a5 15. a3 Qc7 16. g3 Nbd5 17. Ne4 Be7 18. c3 Rfe8 19. Bc2 e5 20. Rfe1 Nxe4 21. dxe4 Nf6 22. Bb3 Rad8 23. Qc4 Bf8 24. a4 Re7 25. Rxd8 Qxd8 26. Rd1 Qc7 27. Kg2 Rd7 28. Be3 Rxd1 29. Bxd1 Qd7 30. Bc2 Bd6 31. Qb3 Ne8 32. Qb6 Qc7 33. Qa7 c5 34. Qa8 Kf8 35. b3 b6 36. Qa6 Nf6 37. Qe2 Kg8 38. Bd3 Kf8 39. Qf3 Qe7 40. Bc4 Qb7 41. Bd3 Qe7 42. Qd1 Qc7 43. f3 Ke7 44. Bc4 Qd7 45. Bb5 Qc7 46. Kf2 Qc8 47. Kg2 Qc7 48. Bf1 Qc6 49. Qd3 Qb7 50. Kf2 Qc6 51. Qa6 Qc7 52. Bb5 Qb8 53. Ke2 Nh5 54. Bf2 Nf6 55. Kd3 Bc7 56. Ke2 Ne8 57. Bxe8 Qxe8 58. Qd3 Qd7 59. g4 Qxd3+ 60. Kxd3 Kd6 61. Kc4 Kc6 62. h4 g5 63. b4 cxb4 64. cxb4 axb4 65. Kxb4 Bd8 66. h5 Be7+ 67. Kc4 Bf8 68. Be1 Be7 69. Bc3 Bd6 70. Bb2 Bc7 71. Ba1 Bd6 72. Bc3 Bc7 73. Bd2 Bd6 74. Be3 Be7 75. Bd2 Bd6 76. Bc1 Be7 77. Bb2 Bd6 78. Ba1 Bc7 79. Bc3 Bd6 80. Bb2 Bc7 81. Ba3 Bd6 82. Bb4 Bxb4 83. Kxb4 Kc7 84. Kb3 Kb7 85. Kc3 {[%emt 0:00:00] normal} Kc7 86. Kb4 {normal} 1/2-1/2

[Event "-chT Youth Countries 2019"]
[Site "Wuerzburg"]
[Date "2019.10.06"]
[Round "7.1"]
[White "Herbrig, Alexander"]
[Black "Muckle, Julius"]
[Result "0-1"]
[ECO "C13"]
[WhiteElo "2295"]
[BlackElo "2398"]
[Annotator "ChessBase"]
[PlyCount "130"]
[EventDate "2019.10.02"]
[EventType "team-tourn"]
[EventRounds "7"]
[EventCountry "GER"]
[SourceTitle "playchess.com"]
[Source "ChessBase"]
[SourceQuality "1"]
[WhiteTeam "Sachsen"]
[BlackTeam "Rheinland-Pfalz"]
[TimeControl "40/5400+30:1800+30"]

1. e4 e6 2. d4 d5 3. Nc3 Nf6 4. Bg5 Be7 5. e5 Nfd7 6. h4 h6 7. Bxe7 Qxe7 8. Bd3 O-O 9. f4 c5 10. dxc5 f6 11. Qe2 fxe5 12. fxe5 Nc6 13. Nf3 Nxc5 14. O-O-O a6 15. g4 Nxd3+ 16. Qxd3 Bd7 17. g5 h5 18. Nd4 Rf4 19. Nce2 Rg4 20. Nxc6 bxc6 21. Rdg1 Rxg1+ 22. Rxg1 Rf8 23. Ng3 Qc5 24. Rd1 Be8 25. a3 Rf4 26. Ne2 Re4 27. Kb1 Qe3 28. Qxe3 Rxe3 29. Nf4 Rxe5 30. Nd3 Re2 31. Nc5 Bg6 32. Rc1 d4 33. Nd3 e5 34. Rf1 c5 35. b3 Re3 36. Nxc5 Rc3 37. Nd7 Rxb3+ 38. Kc1 Rc3 39. Nxe5 Bxc2 40. Kb2 Rc5 41. Nd7 Rc8 42. Rf4 d3 43. Rd4 Kf7 44. Ne5+ Ke6 45. Nxd3 Bxd3 46. Rxd3 Rc4 47. Re3+ Kf7 48. Rh3 Kg6 49. Rh1 a5 50. Rh3 a4 51. Rh1 Kf5 52. Rf1+ Rf4 53. Rc1 Rxh4 54. Rc7 Kg6 55. Kc3 Rg4 56. Kd3 Rxg5 57. Ke3 Rg3+ 58. Kf4 Rxa3 59. Rc6+ Kh7 60. Kg5 Ra1 61. Kxh5 a3 62. Rc2 a2 63. Rh2 Kg8 64. Kh4 g6 65. Kh3 g5 {[%emt 0:00:01] normal} 0-1

[Event "-chT Youth Countries 2019"]
[Site "Wuerzburg"]
[Date "2019.10.06"]
[Round "7.1"]
[White "Polster, Christian"]
[Black "Svane, Frederik"]
[Result "1/2-1/2"]
[ECO "B40"]
[WhiteElo "2279"]
[BlackElo "2360"]
[Annotator "ChessBase"]
[PlyCount "107"]
[EventDate "2019.10.02"]
[EventType "team-tourn"]
[EventRounds "7"]
[EventCountry "GER"]
[SourceTitle "playchess.com"]
[Source "ChessBase"]
[SourceQuality "1"]
[WhiteTeam "Niedersachsen"]
[BlackTeam "Schleswig-Holstein"]
[TimeControl "40/5400+30:1800+30"]

1. e4 c5 2. Nf3 e6 3. c4 Nc6 4. Nc3 Nf6 5. Be2 d5 6. exd5 exd5 7. d4 cxd4 8. Nxd4 Bb4 9. O-O O-O 10. Nxd5 Nxd5 11. Nxc6 bxc6 12. cxd5 cxd5 13. Bf3 Be6 14. Be3 Qd7 15. Qd4 Be7 16. Rfd1 Rfd8 17. Qd2 Rac8 18. Bd4 Bc5 19. Rac1 Bxd4 20. Qxd4 h6 21. h4 Rxc1 22. Rxc1 Rc8 23. Rxc8+ Qxc8 24. g3 a5 25. a3 Qc6 26. Kg2 Qb5 27. b4 axb4 28. axb4 Kf8 29. Bd1 Bf5 30. Bf3 Be6 31. Kg1 Kg8 32. Bg2 Qc6 33. Bf1 Qc1 34. Kg2 Bh3+ 35. Kxh3 Qxf1+ 36. Kh2 h5 37. Qxd5 Qxf2+ 38. Qg2 Qb6 39. Qb2 Qb5 40. Kg2 g6 41. Kf2 Qb6+ 42. Kf3 Qc6+ 43. Kf2 Qb6+ 44. Kg2 Qc6+ 45. Kh2 Qb5 46. Qd2 Qf1 47. Qe3 Kh7 48. Qd2 Kg8 49. Qb2 Qb5 50. Kg1 Qd3 51. Kg2 Qd5+ 52. Kf2 Qf5+ 53. Ke3 Qe6+ 54. Kf2 {[%emt 0:00:58] normal} 1/2-1/2

[Event "-chT Youth Countries 2019"]
[Site "Wuerzburg"]
[Date "2019.10.06"]
[Round "7.1"]
[White "Vuckovic, Zarko"]
[Black "Browning, Alex"]
[Result "1/2-1/2"]
[ECO "B92"]
[WhiteElo "2253"]
[BlackElo "2291"]
[Annotator "ChessBase"]
[PlyCount "155"]
[EventDate "2019.10.02"]
[EventType "team-tourn"]
[EventRounds "7"]
[EventCountry "GER"]
[SourceTitle "playchess.com"]
[Source "ChessBase"]
[SourceQuality "1"]
[WhiteTeam "Bayern 1"]
[BlackTeam "Nordrhein-Westfalen"]
[TimeControl "40/5400+30:1800+30"]

1. e4 c5 2. Nf3 d6 3. d4 cxd4 4. Nxd4 Nf6 5. Nc3 a6 6. Be2 e5 7. Nb3 Be7 8. O-O O-O 9. Re1 Qc7 10. a4 b6 11. Bg5 Nbd7 12. Bg4 h6 13. Bxd7 hxg5 14. Bxc8 Raxc8 15. Qd3 d5 16. exd5 Bb4 17. Qxa6 Bxc3 18. bxc3 Nxd5 19. Qb5 Rfd8 20. g3 f6 21. a5 bxa5 22. Nxa5 Nxc3 23. Qb3+ Qf7 24. Re3 Qxb3 25. cxb3 Nb5 26. Nc4 Rc7 27. Kg2 Nd4 28. Rd3 Rb8 29. Nd2 Rb4 30. Ra4 Rb5 31. Rc4 Rcb7 32. Rcc3 Kh7 33. h3 Kg6 34. Kf1 Ra5 35. Re3 Ra2 36. Nf3 Rb2 37. Rc4 Nf5 38. Rec3 Ra7 39. Rc2 Rxb3 40. R2c3 Rb2 41. Rc2 Ra1+ 42. Kg2 Raa2 43. Rxb2 Rxb2 44. Ra4 Kh7 45. h4 g4 46. Ne1 Kh6 47. Kf1 Nd4 48. Ra1 Kh5 49. Ng2 Nb3 50. Rd1 Nd2+ 51. Kg1 Ne4 52. Rf1 Re2 53. Re1 Rxe1+ 54. Nxe1 Nd2 55. Nc2 f5 56. Ne3 f4 57. Nd5 f3 58. Kh2 Nc4 59. Kg1 Kg6 60. Kf1 Kf5 61. Ke1 e4 62. Nc3 Ke5 63. Nb5 e3 64. fxe3 Ke4 65. Nc3+ Kd3 66. Nd1 Nxe3 67. Nf2+ Kd4 68. h5 Kc3 69. Ne4+ Kd3 70. Nc5+ Kc4 71. Ne6 Kd5 72. Nxg7 Ke5 73. Ne8 Kf5 74. h6 Kg6 75. Kf2 Nf5 76. h7 Kxh7 77. Nf6+ Kg6 78. Nxg4 {[%emt 0:00:00] normal} 1/2-1/2

[Event "-chT Youth Countries 2019"]
[Site "Wuerzburg"]
[Date "2019.10.06"]
[Round "7.1"]
[White "Philipp, Mathias"]
[Black "Tiarks, Jann-Christian"]
[Result "1-0"]
[ECO "B00"]
[WhiteElo "2063"]
[BlackElo "2178"]
[Annotator "ChessBase"]
[PlyCount "35"]
[EventDate "2019.10.02"]
[EventType "team-tourn"]
[EventRounds "7"]
[EventCountry "GER"]
[SourceTitle "playchess.com"]
[Source "ChessBase"]
[SourceQuality "1"]
[WhiteTeam "Thüringen"]
[BlackTeam "Brandenburg/Berlin"]
[TimeControl "40/5400+30:1800+30"]

1. e4 b6 2. d4 Bb7 3. Bd3 e6 4. Nf3 c5 5. c3 d6 6. O-O Nf6 7. Nbd2 Be7 8. Qe2 O-O 9. Rd1 Nbd7 10. e5 dxe5 11. dxe5 Nd5 12. Qe4 f5 13. exf6 N7xf6 14. Qxe6+ Kh8 15. Nc4 Qc7 16. Nfe5 b5 17. Ng6+ hxg6 18. Ne5 {[%emt 0:00:03] normal} 1-0

[Event "-chT Youth Countries 2019"]
[Site "Wuerzburg"]
[Date "2019.10.06"]
[Round "7.1"]
[White "Jeschke, Jan"]
[Black "Degenhard, Simon"]
[Result "0-1"]
[ECO "B21"]
[WhiteElo "1863"]
[BlackElo "2084"]
[Annotator "NA"]
[PlyCount "64"]
[EventDate "2019.10.02"]
[EventType "team-tourn"]
[EventRounds "7"]
[EventCountry "GER"]
[SourceTitle "playchess.com"]
[Source "ChessBase"]
[SourceQuality "1"]
[WhiteTeam "Saarland"]
[BlackTeam "Württemberg"]
[TimeControl "40/5400+30:1800+30"]

1. e4 c5 2. d4 cxd4 3. c3 Nf6 4. e5 Nd5 5. Nf3 e6 6. cxd4 d6 7. Bc4 Be7 8. O-O Nc6 9. Qe2 O-O 10. Nc3 Nxc3 11. bxc3 dxe5 12. dxe5 Qa5 13. Bd2 Rd8 14. Bb3 b6 15. Rfe1 Bb7 16. Bc2 Rac8 17. Rac1 Nb8 18. Nd4 Qxa2 19. Bb3 Qa6 20. Qh5 Bd5 21. Bc2 g6 22. Qh6 Qb7 23. Re3 Bf8 24. Qf4 Nc6 25. Rh3 Nxd4 26. cxd4 Bxg2 27. Rg3 Bc6 28. Qh4 Qd7 29. Rh3 h5 30. Be3 Qd5 31. f3 Be8 {[%emt 0:02:10] normal} 32. Qg5 Bg7 {[%emt 0:02:39] normal} 0-1

[Event "-chT Youth Countries 2019"]
[Site "Wuerzburg"]
[Date "2019.10.06"]
[Round "7.2"]
[White "Schmidek, Emil"]
[Black "Sieber, Fiona"]
[Result "1/2-1/2"]
[ECO "C90"]
[WhiteElo "2387"]
[BlackElo "2252"]
[Annotator "ChessBase"]
[PlyCount "78"]
[EventDate "2019.10.02"]
[EventType "team-tourn"]
[EventRounds "7"]
[EventCountry "GER"]
[SourceTitle "playchess.com"]
[Source "ChessBase"]
[SourceQuality "1"]
[WhiteTeam "Berlin"]
[BlackTeam "Sachsen-Anhalt"]
[TimeControl "40/5400+30:1800+30"]

1. e4 e5 2. Nf3 Nc6 3. Bb5 a6 4. Ba4 Nf6 5. O-O Be7 6. Re1 b5 7. Bb3 d6 8. c3 O-O 9. d3 Na5 10. Bc2 c5 11. Nbd2 Nc6 12. Nf1 Re8 13. h3 h6 14. Ne3 Bf8 15. a4 Be6 16. d4 cxd4 17. cxd4 exd4 18. Nxd4 Nxd4 19. Qxd4 Qc7 20. Bd3 d5 21. exd5 Bxd5 22. axb5 axb5 23. Bd2 Bc6 24. Rxa8 Rxa8 25. Qc3 Qb7 26. Rc1 Be4 27. Bf1 Rd8 28. Qa5 Ra8 29. Qxb5 Qxb5 30. Bxb5 Rb8 31. Ba4 Rxb2 32. Bc3 Rb1 33. Rxb1 Bxb1 34. Bxf6 gxf6 35. Bc2 Ba2 36. Kf1 Be6 37. Ke2 Kg7 38. Bf5 Bc5 39. Bc2 f5 {[%emt 0:04:18] normal} 1/2-1/2

[Event "-chT Youth Countries 2019"]
[Site "Wuerzburg"]
[Date "2019.10.06"]
[Round "7.2"]
[White "Arndt, Magnus"]
[Black "Knuedel, Torben"]
[Result "1/2-1/2"]
[ECO "C88"]
[WhiteElo "2312"]
[BlackElo "2193"]
[Annotator "ChessBase"]
[PlyCount "155"]
[EventDate "2019.10.02"]
[EventType "team-tourn"]
[EventRounds "7"]
[EventCountry "GER"]
[SourceTitle "playchess.com"]
[Source "ChessBase"]
[SourceQuality "1"]
[WhiteTeam "Schleswig-Holstein"]
[BlackTeam "Niedersachsen"]
[TimeControl "40/5400+30:1800+30"]

1. e4 e5 2. Nf3 Nc6 3. Bb5 a6 4. Ba4 Nf6 5. O-O Be7 6. Re1 b5 7. Bb3 O-O 8. a4 Bb7 9. d3 d6 10. h3 Na5 11. Ba2 c5 12. Nbd2 h6 13. Nf1 Re8 14. Ng3 Bf8 15. Nh2 d5 16. Ng4 dxe4 17. Nxf6+ Qxf6 18. Nxe4 Qg6 19. Qg4 Qxg4 20. hxg4 c4 21. dxc4 Nxc4 22. c3 Rad8 23. Bb1 b4 24. Bc2 a5 25. Ng3 Nd2 26. Nf1 Nxf1 27. Kxf1 Bc5 28. Kg1 Rd6 29. Be3 Bxe3 30. Rxe3 Rd2 31. Be4 Bxe4 32. Rxe4 Rxb2 33. cxb4 Rxb4 34. Rxb4 axb4 35. Rb1 Rb8 36. a5 Ra8 37. Rxb4 Rxa5 38. Rb7 f6 39. Kh2 Kh7 40. Kg3 Kg6 41. Rc7 Ra8 42. Re7 Rb8 43. f3 Ra8 44. Rb7 Rf8 45. Ra7 Rf7 46. Ra5 Rb7 47. Ra8 Kg5 48. Ra5 Rb3 49. Ra7 g6 50. Re7 Rb2 51. Re6 Ra2 52. Kh3 Ra1 53. Kg3 h5 54. gxh5 gxh5 55. Re8 h4+ 56. Kh2 Ra6 57. Rg8+ Kf4 58. Rg4+ Ke3 59. Rxh4 f5 60. Rb4 e4 61. fxe4 fxe4 62. Rb8 Kd2 63. g4 e3 64. Rd8+ Ke1 65. Re8 e2 66. Kg3 Kf1 67. Rf8+ Kg1 68. Re8 Ra3+ 69. Kf4 Kf2 70. Rxe2+ Kxe2 71. g5 Ra6 72. Kf5 Kf3 73. g6 Ra8 74. g7 Kg3 75. Kg6 Kg4 76. Kh7 Kg5 77. g8=Q+ Rxg8 78. Kxg8 {normal} 1/2-1/2

[Event "-chT Youth Countries 2019"]
[Site "Wuerzburg"]
[Date "2019.10.06"]
[Round "7.2"]
[White "Maetzkow, Maximilian Paul"]
[Black "Ratay, Meike"]
[Result "1-0"]
[ECO "B51"]
[WhiteElo "2287"]
[BlackElo "2032"]
[Annotator "ChessBase"]
[PlyCount "73"]
[EventDate "2019.10.02"]
[EventType "team-tourn"]
[EventRounds "7"]
[EventCountry "GER"]
[SourceTitle "playchess.com"]
[Source "ChessBase"]
[SourceQuality "1"]
[WhiteTeam "Brandenburg/Berlin"]
[BlackTeam "Thüringen"]
[TimeControl "40/5400+30:1800+30"]

1. e4 c5 2. Nf3 d6 3. Bb5+ Nd7 4. Ba4 Ngf6 5. O-O e6 6. d4 cxd4 7. Qxd4 Be7 8. c4 O-O 9. Nc3 Nc5 10. Bc2 Qb6 11. Rd1 Rd8 12. Rb1 a5 13. Be3 Ng4 14. Bg5 Bxg5 15. Nxg5 Ne5 16. f4 Nc6 17. Qf2 Nb4 18. Kh1 Nxc2 19. Qxc2 h6 20. Nf3 Bd7 21. Rd2 Be8 22. Rbd1 Rac8 23. f5 Qb4 24. Rd4 Na4 25. Nxa4 Bxa4 26. b3 Bc6 27. c5 Qb5 28. fxe6 Be8 29. Qd2 Rxc5 30. exf7+ Bxf7 31. Rxd6 Rxd6 32. Qxd6 Bh5 33. Nd4 Qb4 34. Rf1 Rc3 35. Qd5+ Kh7 36. Ne6 Bg6 37. Qd7 {[%emt 0:00:47] normal} 1-0

[Event "-chT Youth Countries 2019"]
[Site "Wuerzburg"]
[Date "2019.10.06"]
[Round "7.2"]
[White "Koelle, Tobias"]
[Black "Zha, Kevin"]
[Result "1-0"]
[ECO "A58"]
[WhiteElo "2281"]
[BlackElo "1923"]
[Annotator "ChessBase"]
[PlyCount "139"]
[EventDate "2019.10.02"]
[EventType "team-tourn"]
[EventRounds "7"]
[EventCountry "GER"]
[SourceTitle "playchess.com"]
[Source "ChessBase"]
[SourceQuality "1"]
[WhiteTeam "Württemberg"]
[BlackTeam "Saarland"]
[TimeControl "40/5400+30:1800+30"]

1. d4 Nf6 2. c4 c5 3. d5 b5 4. cxb5 a6 5. bxa6 g6 6. Nf3 Bg7 7. Nc3 O-O 8. g3 d6 9. Bg2 Nbd7 10. O-O Bxa6 11. Rb1 Qc7 12. b3 Rfb8 13. Bb2 Rb7 14. Qc2 Rab8 15. Nd2 Ne5 16. h3 c4 17. Rfc1 cxb3 18. axb3 Qd8 19. Ra1 Rb6 20. Na4 Rb5 21. Nc3 R5b6 22. Ra2 Bc8 23. Rca1 e6 24. Kh2 Rb4 25. Ba3 R4b7 26. f4 Neg4+ 27. hxg4 Nxg4+ 28. Kh1 Qb6 29. Nd1 Bxa1 30. Rxa1 e5 31. Qd3 exf4 32. gxf4 Re7 33. e4 Ba6 34. Qf3 h5 35. Bb2 Rbe8 36. Rc1 Qa5 37. Qc3 Qxc3 38. Bxc3 f5 39. e5 dxe5 40. d6 Rd7 41. Ra1 Bb7 42. Bxb7 Rxb7 43. fxe5 Nxe5 44. Ne3 Rd7 45. Ndc4 Nxc4 46. Nxc4 Rb8 47. Bf6 Rdb7 48. Ne5 Rxb3 49. d7 Rb1+ 50. Rxb1 Rxb1+ 51. Kg2 Rd1 52. d8=Q+ Rxd8 53. Bxd8 Kg7 54. Bg5 Kh7 55. Kg3 Kg7 56. Kf4 Kf8 57. Nxg6+ Kf7 58. Kxf5 Kg7 59. Nf4 Kf7 60. Nxh5 Ke8 61. Ke6 Kf8 62. Be7+ Kg8 63. Ba3 Kh7 64. Kf6 Kh6 65. Ng7 Kh7 66. Nf5 Kg8 67. Kg6 Kh8 68. Bb4 Kg8 69. Nh6+ Kh8 70. Bc3# {[%emt 0:00:00] normal} 1-0

[Event "-chT Youth Countries 2019"]
[Site "Wuerzburg"]
[Date "2019.10.06"]
[Round "7.2"]
[White "Karsay, Pascal"]
[Black "Nguyen, Alex Dac-Vuong"]
[Result "1/2-1/2"]
[ECO "E63"]
[WhiteElo "2276"]
[BlackElo "2128"]
[Annotator "ChessBase"]
[PlyCount "71"]
[EventDate "2019.10.02"]
[EventType "team-tourn"]
[EventRounds "7"]
[EventCountry "GER"]
[SourceTitle "playchess.com"]
[Source "ChessBase"]
[SourceQuality "1"]
[WhiteTeam "Rheinland-Pfalz"]
[BlackTeam "Sachsen"]
[TimeControl "40/5400+30:1800+30"]

1. Nf3 Nf6 2. g3 g6 3. c4 Bg7 4. Bg2 O-O 5. O-O d6 6. d4 Nc6 7. Nc3 a6 8. Bf4 Rb8 9. Rc1 h6 10. Qd3 g5 11. Bd2 e5 12. d5 Ne7 13. e4 Nd7 14. b4 f5 15. exf5 Nf6 16. Ne1 Bxf5 17. Ne4 Qd7 18. Nxf6+ Rxf6 19. Be4 Rbf8 20. Bxf5 Nxf5 21. Nc2 Qf7 22. Be3 Qg6 23. Rce1 Nh4 24. Qxg6 Nf3+ 25. Kh1 Rxg6 26. Re2 g4 27. Ne1 h5 28. Nxf3 Rxf3 29. Rb1 Bh6 30. Rb3 Bxe3 31. Rbxe3 Rgf6 32. Kg1 Kf7 33. a4 b6 34. Kf1 Ke7 35. Ke1 Kd7 36. Rxf3 {[%emt 0:04:31] normal} 1/2-1/2

[Event "-chT Youth Countries 2019"]
[Site "Wuerzburg"]
[Date "2019.10.06"]
[Round "7.2"]
[White "Niermann, Tristan"]
[Black "Schneider, Jana"]
[Result "0-1"]
[ECO "A06"]
[WhiteElo "2227"]
[BlackElo "2240"]
[Annotator "ChessBase"]
[PlyCount "62"]
[EventDate "2019.10.02"]
[EventType "team-tourn"]
[EventRounds "7"]
[EventCountry "GER"]
[SourceTitle "playchess.com"]
[Source "ChessBase"]
[SourceQuality "1"]
[WhiteTeam "Nordrhein-Westfalen"]
[BlackTeam "Bayern 1"]
[TimeControl "40/5400+30:1800+30"]

1. Nf3 d5 2. g3 Nd7 3. d4 Ngf6 4. Bg2 b5 5. O-O e6 6. a4 b4 7. c4 bxc3 8. Nxc3 Be7 9. Ne5 Nxe5 10. dxe5 Nd7 11. e4 c6 12. exd5 cxd5 13. Qg4 Kf8 14. Qh5 Rb8 15. f4 g6 16. Qe2 Nc5 17. f5 gxf5 18. Bh6+ Ke8 19. Qh5 Rg8 20. Rad1 Rxb2 21. Bc1 Rc2 22. Qxh7 Rf8 23. Nxd5 Rxg2+ 24. Kxg2 Bb7 25. Bh6 Bxd5+ 26. Kh3 Qa8 27. Rf2 Ne4 28. Rb2 Kd7 29. Qg7 Rh8 30. Rxd5+ exd5 31. Qxf7 Ng5+ {[%emt 0:00:10] normal} 0-1